ITL
DETROIT X-WINGS @ TUSCALOOSA TROUT SLAYERS
07/07/2028
 
TOP OF THE 1ST
Detroit X-Wings batting - Pitching for Tuscaloosa Trout Slayers : RHP Fernando Rodríguez
Pitching: RHP Fernando Rodríguez
Batting: LHB Sergio Luna 0-0: Called Strike
0-1: Ball
1-1: Foul Ball, location: 2F
1-2: Foul Ball, location: 2F
1-2: Strikes out swinging
Batting: RHB Jaime Contreras 0-0: Called Strike
0-1: Ball
1-1: Ball
2-1: Ground out 1-3 (Groundball, P)
Batting: RHB Robby Lewis 0-0: Called Strike
0-1: Called Strike
0-2: Foul Ball, location: 2F
0-2: Fly out, F4 (Line Drive, 4)
Top of the 1st over - 0 run(s), 0 hit(s), 0 error(s), 0 left on base; Detroit 0 - Tuscaloosa 0
BOTTOM OF THE 1ST
Tuscaloosa Trout Slayers batting - Pitching for Detroit X-Wings : RHP Dylan Versluis
Pitching: RHP Dylan Versluis
Batting: RHB Alfredo Díaz 0-0: SINGLE (Line Drive, 8LS)
Batting: RHB José Fernández 0-0: Ball
1-0: Grounds into double play, 5-4-3 (Groundball, 5)
Batting: LHB Marcos Villarreal 0-0: Ball
1-0: Ball
2-0: Called Strike
2-1: Ball
3-1: Foul Ball, location: 2F
3-2: Ground out 4-3 (Groundball, 4D)
Bottom of the 1st over - 0 run(s), 1 hit(s), 0 error(s), 0 left on base; Detroit 0 - Tuscaloosa 0
TOP OF THE 2ND
Detroit X-Wings batting - Pitching for Tuscaloosa Trout Slayers : RHP Fernando Rodríguez
Batting: LHB Juan Jose Pineda 0-0: Ball
1-0: SINGLE (Line Drive, 8LS)
Batting: RHB John Moore 0-0: Foul Ball, location: 2F
0-1: Foul Ball, location: 2F
0-2: Ball
1-2: Ball
2-2: Ball
3-2: SINGLE (Line Drive, 4MD)
Juan Jose Pineda to second
Juan Jose Pineda to third
Batting: RHB Gary Witt 0-0: Ball
1-0: Called Strike
1-1: Ball
2-1: Ball
3-1: Base on Balls
John Moore to second
Batting: RHB Júlio López 0-0: Ball
1-0: SINGLE (Groundball, 34D)
Juan Jose Pineda scores
John Moore to third
Gary Witt to second
Runner from 3rd tries for Home, SAFE, no throw
Batting: RHB Oliver Acevedo 0-0: Ball
1-0: Foul Ball, location: 2F
1-1: Foul Ball, location: 2F
1-2: Ball
2-2: Foul Ball, location: 2F
2-2: Ball
3-2: Base on Balls
Gary Witt to third
Júlio López to second
Batting: SHB Felipe Detorres 0-0: Called Strike
0-1: Ball
1-1: Single, Error in OF, E8, batter to second base
Gary Witt scores
Júlio López scores
Oliver Acevedo to third
Batting: LHB Sergio Luna 0-0: Ground out U3 (Groundball, 34)
Oliver Acevedo scores
Felipe Detorres to third
Batting: RHB Jaime Contreras 0-0: Called Strike
0-1: Called Strike
0-2: Ball
1-2: SINGLE (Flyball, 4MD)
Felipe Detorres scores
Batting: RHB Robby Lewis 0-0: SINGLE (Groundball, 56D)
Jaime Contreras to second
Batting: LHB Juan Jose Pineda 0-0: Called Strike
0-1: Swinging Strike
0-2: Foul Ball, location: 2F
0-2: Ball
1-2: Ball
2-2: Strikes out swinging
Batting: RHB John Moore 0-0: Called Strike
0-1: Fly out, F5 (Popup, 56S)
Top of the 2nd over - 6 run(s), 6 hit(s), 1 error(s), 2 left on base; Detroit 6 - Tuscaloosa 0
BOTTOM OF THE 2ND
Tuscaloosa Trout Slayers batting - Pitching for Detroit X-Wings : RHP Dylan Versluis
Batting: LHB Ed Hart 0-0: SOLO HOME RUN (Flyball, 78XD), Distance : 363 ft
Batting: LHB Miguel Rosa 0-0: Called Strike
0-1: Ball
1-1: Foul Ball, location: 2F
1-2: Ball
2-2: SOLO HOME RUN (Flyball, 9LD), Distance : 417 ft
Batting: RHB Greg Lee 0-0: Fly out, F4 (Line Drive, 4M)
Batting: RHB César Reyes 0-0: Ball
1-0: Ball
2-0: SOLO HOME RUN (Flyball, 7D), Distance : 355 ft
Batting: RHB Jason Saunders 0-0: Called Strike
0-1: Swinging Strike
0-2: Ball
1-2: Foul Ball, location: 2F
1-2: Ball
2-2: Ball
3-2: Base on Balls
Batting: RHB Juan Reyes 0-0: Ball
1-0: Fly out, F8 (Flyball, 8RD)
Batting: RHB Alfredo Díaz 0-0: Ball
1-0: Ball
2-0: Foul Ball, location: 2F
2-1: Fielders Choice at 2nd, 6-4 (Groundball, 56)
Bottom of the 2nd over - 3 run(s), 3 hit(s), 0 error(s), 0 left on base; Detroit 6 - Tuscaloosa 3
TOP OF THE 3RD
Detroit X-Wings batting - Pitching for Tuscaloosa Trout Slayers : RHP Fernando Rodríguez
Batting: RHB Gary Witt 0-0: Ball
1-0: Ball
2-0: Called Strike
2-1: Swinging Strike
2-2: Ball
3-2: SINGLE (Groundball, 34D)
Pitching: RHP Tom Cunningham
Batting: RHB Júlio López 0-0: Swinging Strike
0-1: Swinging Strike
0-2: Foul Ball, location: 2F
0-2: Strikes out swinging
Batting: RHB Oliver Acevedo 0-0: SINGLE (Line Drive, 8LS)
Gary Witt to second
Runner from 2nd tries for 3rd, SAFE, throw made to third
Oliver Acevedo to second
Batting: SHB Felipe Detorres 0-0: Ball
1-0: Fly out, F7 (Line Drive, 7)
Runner from 3rd tags up, SCORES, throw made
Batting: LHB Sergio Luna 0-0: Ground out 3-1 (Groundball, 34S)
Top of the 3rd over - 1 run(s), 2 hit(s), 0 error(s), 1 left on base; Detroit 7 - Tuscaloosa 3
BOTTOM OF THE 3RD
Tuscaloosa Trout Slayers batting - Pitching for Detroit X-Wings : RHP Dylan Versluis
Batting: RHB José Fernández 0-0: Called Strike
0-1: Ball
1-1: Swinging Strike
1-2: Ball
2-2: Foul Ball, location: 2F
2-2: Fly out, F8 (Flyball, 8LD)
Batting: LHB Marcos Villarreal 0-0: Ball
1-0: Ball
2-0: Foul Ball, location: 2F
2-1: Ground out U3 (Groundball, 34)
Batting: LHB Ed Hart 0-0: Called Strike
0-1: Foul Ball, location: 2F
0-2: Strikes out looking
Bottom of the 3rd over - 0 run(s), 0 hit(s), 0 error(s), 0 left on base; Detroit 7 - Tuscaloosa 3
TOP OF THE 4TH
Detroit X-Wings batting - Pitching for Tuscaloosa Trout Slayers : RHP Tom Cunningham
Batting: RHB Jaime Contreras 0-0: Called Strike
0-1: Fly out, F9 (Flyball, 89M)
Batting: RHB Robby Lewis 0-0: Called Strike
0-1: Foul Ball, location: 2F
0-2: Ball
1-2: Strikes out looking
Batting: LHB Juan Jose Pineda 0-0: Called Strike
0-1: Ball
1-1: Ball
2-1: DOUBLE (Line Drive, 7LM)
Batting: RHB John Moore 0-0: Ball
1-0: Ball
2-0: Called Strike
2-1: Ball
3-1: Called Strike
3-2: Base on Balls
Batting: RHB Gary Witt 0-0: Ball
1-0: Foul Ball, location: 2F
1-1: Foul Ball, location: 2F
1-2: Ball
2-2: Ball
3-2: Strikes out swinging
Top of the 4th over - 0 run(s), 1 hit(s), 0 error(s), 2 left on base; Detroit 7 - Tuscaloosa 3
BOTTOM OF THE 4TH
Tuscaloosa Trout Slayers batting - Pitching for Detroit X-Wings : RHP Dylan Versluis
Batting: LHB Miguel Rosa 0-0: Ball
1-0: Foul Ball, location: 2F
1-1: Ground out 3-1 (Groundball, 34)
Batting: RHB Greg Lee 0-0: Ball
1-0: Called Strike
1-1: Ball
2-1: Swinging Strike
2-2: Strikes out swinging
Batting: RHB César Reyes 0-0: Ball
1-0: Ball
2-0: Fly out, F9 (Flyball, 9LM)
Bottom of the 4th over - 0 run(s), 0 hit(s), 0 error(s), 0 left on base; Detroit 7 - Tuscaloosa 3
TOP OF THE 5TH
Detroit X-Wings batting - Pitching for Tuscaloosa Trout Slayers : RHP Tom Cunningham
Batting: RHB Júlio López 0-0: Fly out, F9 (Flyball, 9)
Batting: RHB Oliver Acevedo 0-0: Foul Ball, location: 2F
0-1: Ball
1-1: Swinging Strike
1-2: Ball
2-2: SINGLE (Flyball, 9LS)
Batting: SHB Felipe Detorres 0-0: Foul Ball, location: 2F
0-1: Ball
1-1: TRIPLE (Line Drive, 89M)
Oliver Acevedo scores
Batting: LHB Sergio Luna 0-0: Ground out U3 (Groundball, 3)
Batting: RHB Jaime Contreras 0-0: Foul Ball, location: 2F
0-1: Foul Ball, location: 2F
0-2: Ball
1-2: Foul Ball, location: 2F
1-2: Strikes out swinging
Top of the 5th over - 1 run(s), 2 hit(s), 0 error(s), 1 left on base; Detroit 8 - Tuscaloosa 3
BOTTOM OF THE 5TH
Tuscaloosa Trout Slayers batting - Pitching for Detroit X-Wings : RHP Dylan Versluis
Batting: RHB Jason Saunders 0-0: Ground out 6-3 (Groundball, 6)
Batting: RHB Juan Reyes 0-0: Ball
1-0: Ball
2-0: Ball
3-0: Called Strike
3-1: DOUBLE (Flyball, 89XD)
Batting: RHB Alfredo Díaz 0-0: Called Strike
0-1: Ball
1-1: SINGLE (Line Drive, 7S)
Juan Reyes to third
Runner from 3rd tries for Home, SAFE, throw made home
Alfredo Díaz to second
Batting: RHB José Fernández 0-0: Ball
1-0: Called Strike
1-1: Foul Ball, location: 2F
1-2: Ball
2-2: Ball
3-2: Ground out 6-3 (Groundball, 6M)
Alfredo Díaz to third
Batting: LHB Marcos Villarreal 0-0: Foul Ball, location: 2F
0-1: Ball
1-1: Ball
2-1: Fly out, F8 (Flyball, 8RD)
Bottom of the 5th over - 1 run(s), 2 hit(s), 0 error(s), 1 left on base; Detroit 8 - Tuscaloosa 4
TOP OF THE 6TH
Detroit X-Wings batting - Pitching for Tuscaloosa Trout Slayers : RHP Tom Cunningham
Batting: RHB Robby Lewis 0-0: Called Strike
0-1: Ball
1-1: Foul Ball, location: 2F
1-2: Ball
2-2: Foul Ball, location: 2F
2-2: Strikes out swinging
Batting: LHB Juan Jose Pineda 0-0: SINGLE (Groundball, 13) (infield hit)
Batting: RHB John Moore 0-0: Called Strike
0-1: Foul Ball, location: 2F
0-2: Strikes out swinging
Batting: RHB Gary Witt 0-0: Ball
1-0: Ball
2-0: Ball
3-0: Called Strike
3-1: Swinging Strike
3-2: Strikes out swinging
Top of the 6th over - 0 run(s), 1 hit(s), 0 error(s), 1 left on base; Detroit 8 - Tuscaloosa 4
BOTTOM OF THE 6TH
Tuscaloosa Trout Slayers batting - Pitching for Detroit X-Wings : RHP Dylan Versluis
Batting: LHB Ed Hart 0-0: SINGLE (Line Drive, 78M)
Batting: LHB Miguel Rosa 0-0: Foul Ball, location: 2F
0-1: Foul Ball, location: 2F
0-2: Ball
1-2: Ball
2-2: Ball
3-2: Foul Ball, location: 2F
3-2: Foul Ball, location: 2F
3-2: Foul Ball, location: 2F
3-2: Foul Ball, location: 2F
3-2: Base on Balls
Ed Hart to second
Batting: RHB Greg Lee 0-0: SINGLE (Groundball, 6D)
Ed Hart to third
Miguel Rosa to second
Runner from 3rd tries for Home, SAFE, throw made home
Batting: RHB César Reyes 0-0: Ball
1-0: Foul Ball, location: 2F
1-1: Swinging Strike
1-2: Foul Ball, location: 2F
1-2: Ball
2-2: Ball
3-2: Base on Balls
Miguel Rosa to third
Greg Lee to second
Batting: RHB Jason Saunders 0-0: Ball
1-0: Foul Ball, location: 2F
1-1: Fly out, F6 (Line Drive, 4M)
Batting: RHB Juan Reyes 0-0: Called Strike
0-1: Ball
1-1: Called Strike
1-2: Strikes out swinging
Pitching: LHP Richard Dorris
Batting: RHB Alfredo Díaz 0-0: GRAND SLAM HOME RUN (Flyball, 78XD), Distance : 372 ft
Batting: RHB José Fernández 0-0: Called Strike
0-1: Foul Ball, location: 2F
0-2: SINGLE (Flyball, 89S)
Batting: LHB Marcos Villarreal 0-0: Ball
1-0: Fly out, F7 (Flyball, 78M)
Bottom of the 6th over - 5 run(s), 4 hit(s), 0 error(s), 1 left on base; Detroit 8 - Tuscaloosa 9
TOP OF THE 7TH
Detroit X-Wings batting - Pitching for Tuscaloosa Trout Slayers : RHP Tom Cunningham
Batting: RHB Júlio López 0-0: Ball
1-0: Called Strike
1-1: Called Strike
1-2: Strikes out swinging
Batting: RHB Oliver Acevedo 0-0: Ball
1-0: Ground out 5-3 (Groundball, 56)
Batting: SHB Felipe Detorres 0-0: Foul Ball, location: 2F
0-1: Swinging Strike
0-2: SINGLE (Groundball, 4) (infield hit)
Pitching: LHP Dave Blackwell
Pinch Hitting: RHB Enrique Aguilar 0-0: Ball
1-0: Called Strike
1-1: Ball
2-1: Ball
3-1: Base on Balls
Felipe Detorres to second
Pitching: RHP Jimmy Bradley
Pinch Hitting: LHB Paul Alston 0-0: Ball
1-0: Ball
2-0: Ball
3-0: Fly out, F9 (Line Drive, 89XD)
Top of the 7th over - 0 run(s), 1 hit(s), 0 error(s), 2 left on base; Detroit 8 - Tuscaloosa 9
BOTTOM OF THE 7TH
Tuscaloosa Trout Slayers batting - Pitching for Detroit X-Wings : LHP Richard Dorris
Now in CF: Enrique Aguilar
Now in RF: Paul Alston
Batting: LHB Ed Hart 0-0: SINGLE (Flyball, 89S)
Batting: LHB Miguel Rosa 0-0: Ball
1-0: Foul Ball, location: 2F
1-1: Swinging Strike
1-2: Strikes out swinging
Batting: RHB Greg Lee 0-0: SINGLE (Groundball, 56D)
Ed Hart to second
Pinch Runner at 2nd Lowie van den Bogaert:
Batting: RHB César Reyes 0-0: Ball
1-0: Ball
2-0: Ball
3-0: Called Strike
3-1: Base on Balls
Lowie van den Bogaert to third
Greg Lee to second
Batting: RHB Jason Saunders 0-0: Ball
1-0: Foul Ball, location: 2F
1-1: SINGLE (Flyball, 8RS)
Lowie van den Bogaert scores
Greg Lee to third
César Reyes to second
Pitching: RHP Felipe Téllez
Batting: RHB Juan Reyes 0-0: Ball
1-0: Ball
2-0: Swinging Strike
2-1: Foul Ball, location: 2F
2-2: Strikes out swinging
Batting: RHB Alfredo Díaz 0-0: Ball
1-0: Called Strike
1-1: Ball
2-1: Foul Ball, location: 2F
2-2: Foul Ball, location: 2F
2-2: Ball
3-2: Base on Balls
Greg Lee scores
César Reyes to third
Jason Saunders to second
Batting: RHB José Fernández 0-0: Foul Ball, location: 2F
0-1: Ball
1-1: Ball
2-1: Ball
3-1: SINGLE (Line Drive, 7LS)
César Reyes scores
Jason Saunders to third
Alfredo Díaz to second
Runner from 3rd tries for Home, SAFE, throw made home
Alfredo Díaz to third
José Fernández to second
Batting: LHB Marcos Villarreal 0-0: Ball
1-0: Ball
2-0: Ball
3-0: Called Strike
3-1: Foul Ball, location: 2F
3-2: Ground out 3-1 (Groundball, 34)
Bottom of the 7th over - 4 run(s), 4 hit(s), 0 error(s), 2 left on base; Detroit 8 - Tuscaloosa 13
TOP OF THE 8TH
Detroit X-Wings batting - Pitching for Tuscaloosa Trout Slayers : RHP Jimmy Bradley
Now in LF: Lynn Ford
Batting: RHB Robby Lewis 0-0: Foul Ball, location: 2F
0-1: Swinging Strike
0-2: Ball
1-2: Foul Ball, location: 2F
1-2: Ball
2-2: Foul Ball, location: 2F
2-2: Ball
3-2: Strikes out swinging
Batting: LHB Juan Jose Pineda 0-0: Ball
1-0: Ball
2-0: Ball
3-0: Base on Balls
Batting: RHB John Moore 0-0: Ball
1-0: Foul Ball, location: 2F
1-1: Called Strike
1-2: Foul Ball, location: 2F
1-2: Foul Ball, location: 2F
1-2: Strikes out swinging
Batting: RHB Gary Witt 0-0: Foul Ball, location: 2F
0-1: Called Strike
0-2: Strikes out swinging
Top of the 8th over - 0 run(s), 0 hit(s), 0 error(s), 1 left on base; Detroit 8 - Tuscaloosa 13
BOTTOM OF THE 8TH
Tuscaloosa Trout Slayers batting - Pitching for Detroit X-Wings : RHP Felipe Téllez
Batting: RHB Lynn Ford 0-0: Ball
1-0: Ball
2-0: Ground out 4-3 (Groundball, 4)
Batting: LHB Miguel Rosa 0-0: SOLO HOME RUN (Line Drive, 9D), Distance : 405 ft
Batting: RHB Greg Lee 0-0: Called Strike
0-1: Foul Ball, location: 2F
0-2: Ball
1-2: Ground out 6-3 (Groundball, 6)
Batting: RHB César Reyes 0-0: Ball
1-0: Called Strike
1-1: SINGLE (Line Drive, 56)
Batting: RHB Jason Saunders 0-0: Foul Ball, location: 2F
0-1: Fly out, F2 (Popup, 25)
Bottom of the 8th over - 1 run(s), 2 hit(s), 0 error(s), 1 left on base; Detroit 8 - Tuscaloosa 14
TOP OF THE 9TH
Detroit X-Wings batting - Pitching for Tuscaloosa Trout Slayers : RHP Jimmy Bradley
Batting: RHB Júlio López 0-0: Called Strike
0-1: Ball
1-1: Foul Ball, location: 2F
1-2: Ball
2-2: Ball
3-2: Ground out 6-3 (Groundball, 6)
Batting: RHB Oliver Acevedo 0-0: Fly out, F5 (Line Drive, 56)
Batting: SHB Felipe Detorres 0-0: Swinging Strike
0-1: Foul Ball, location: 2F
0-2: Ball
1-2: SINGLE (Groundball, 4MD)
Batting: RHB Enrique Aguilar 0-0: Ball
1-0: SINGLE (Groundball, 6M) (infield hit)
Felipe Detorres to second
Batting: LHB Paul Alston 0-0: Foul Ball, location: 2F
0-1: Ball
1-1: Foul Ball, location: 2F
1-2: Ball
2-2: Ball
3-2: Base on Balls
Felipe Detorres to third
Enrique Aguilar to second
Batting: RHB Robby Lewis 0-0: Ball
1-0: Called Strike
1-1: Foul Ball, location: 2F
1-2: Ball
2-2: SINGLE (Line Drive, 89M)
Felipe Detorres scores
Enrique Aguilar to third
Paul Alston to second
Runner from 3rd tries for Home, SAFE, no throw
Pitching: RHP John Charles
Batting: LHB Juan Jose Pineda 0-0: Called Strike
0-1: Ball
1-1: Called Strike
1-2: Ball
2-2: Strikes out looking
Top of the 9th over - 2 run(s), 3 hit(s), 0 error(s), 2 left on base; Detroit 10 - Tuscaloosa 14
Tuesday, August 8th, 2017 - OOTP Baseball 17.12 Build 75